 Dungeon Crawl Stone Soup version 0.31-a0-971-g75a2e9a4b4 (webtiles) character file.

Game seed: 9020719690728799031

640 BinkBink the Ducker (level 7, -4/48 HPs)
             Began as an Octopode Fighter on Oct 28, 2023.
             Was an Initiate of Qazlal.
             Blown up by Pikel (21 damage)
             ... with a mindburst bolt
             ... on level 4 of the Dungeon.
             The game lasted 00:05:18 (3280 turns).

BinkBink the Ducker (Octopode Fighter)              Turns: 3280, Time: 00:05:19

Health: -4/48      AC:  1    Str: 15    XL:     7   Next: 51%
Magic:  7/7        EV: 14    Int: 11    God:    Qazlal [......]
Gold:   149        SH:  6    Dex: 13    Spells: 6/6 levels left

rFire   . .          .
                       - Unarmed
rCold   . . .        a - +1 buckler
rNeg    . . .        (helmet restricted)
rPois   .            (no amulet)
rElec   .            (no ring)
rCorr   .            (no ring)
SInv    .            (no ring)
Will    .....        (no ring)
Stlth   ++           (no ring)
HPRegen 0.28/turn    (no ring)
MPRegen 0.10/turn    (no ring)
                     (no ring)

%: no passive effects
@: no status effects
A: almost no armour, amphibious, 8 rings, camouflage 1, gelatinous body 1,
(nimble swimmer 1), tentacles
a: Renounce Religion


You were on level 4 of the Dungeon.
You worshipped Qazlal.
Qazlal was noncommittal.
You visited 2 branches of the dungeon, and saw 5 of its levels.

You collected 149 gold pieces.

Inventory:

Missiles
 l - 3 poisoned darts
 n - a throwing net
Armour
 a - a +1 buckler (worn)
Talismans
 g - a flux talisman
Wands
 o - a wand of flame (16)
Scrolls
 e - 3 scrolls of blinking
 f - a scroll of brand weapon {unknown}
 m - a scroll of teleportation
 q - a scroll of immolation
 r - a scroll of noise {unknown}
Potions
 b - a potion of might
 c - 2 potions of heal wounds
 d - a potion of haste
 h - a potion of lignification
 i - 3 potions of enlightenment
 j - 3 potions of mutation
 k - a potion of attraction
 p - 2 potions of curing {unknown}


   Skills:
 + Level 4.3 Fighting
 * Level 5.4 Dodging
 * Level 5.4 Shields
 + Level 3.6 Unarmed Combat


You had 6 spell levels left.
You didn't know any spells.
Your spell library contained the following spells:

 Spells                   Type           Power      Damage    Failure   Level
 Sublimation of Blood     Necr           0%         N/A       56%         2
 Petrify                  Tmut/Erth      0%         N/A       99%         4
 Irradiate                Conj/Tmut      0%         3d11      100%        5


Dungeon Overview and Level Annotations

Branches:
Dungeon (4/15)             Temple (1/1) D:4

Altars:
Dithmenos
Elyvilon
Fedhas
Hepliaklqana
Kikubaaqudgha
Okawaru
Qazlal
Vehumet
Xom
Zin
The Shining One

Annotations:
D:4 Pikel


Innate Abilities, Weirdness & Mutations

You cannot wear most types of armour.
You are amphibious.
You can wear up to eight rings at the same time.
Your skin changes colour to match your surroundings (Stealth+).
Your rubbery body absorbs attacks. (AC +1, EV +1)
((You are camouflaged when in or above water. (Stealth+)))
You have tentacles for arms and can constrict up to eight enemies at once.


Message History

Blork the orc is severely wounded.
You constrict Blork the orc. Blork the orc barely misses you.
You barely miss Blork the orc.
Blork the orc is almost dead.
You constrict Blork the orc. You block Blork the orc's attack.
You tentacle-slap Blork the orc but do no damage.
Blork the orc is almost dead.
You constrict Blork the orc.
You kill Blork the orc!
Qazlal accepts your kill.
No target in view!
No target in view!
Pikel is nearby!
Pikel shouts!
The lemure shouts!
You hear a shout!
The lemure shouts!
Pikel completely misses you.
You tentacle-slap Pikel. You grab Pikel.
Pikel is lightly wounded.
You constrict Pikel, but do no damage. You block Pikel's attack.
You tentacle-slap Pikel but do no damage.
You squeeze Pikel, but do no damage. You constrict Pikel, but do no damage.
Pikel hits you with a +0 whip of electrocution!
You are electrocuted!
You tentacle-slap Pikel but do no damage.
You squeeze Pikel!
Pikel is moderately wounded.
You constrict Pikel. You block Pikel's attack.
You tentacle-slap Pikel but do no damage.
Pikel is moderately wounded.
You constrict Pikel.
Pikel zaps a wand.
You struggle to resist.
You tentacle-slap Pikel. You squeeze Pikel!
Pikel is severely wounded.
You constrict Pikel, but do no damage.
Pikel hits you with a +0 whip of electrocution.
You tentacle-slap Pikel but do no damage.
Pikel is severely wounded.
You constrict Pikel. The lemure barely misses you. The lemure hits you.
Pikel zaps a wand.
Your mind is blasted!
You die...
Pikel says, "Another soul for the market."

##............##........ #.......
##[.........###.......# #.....#
##...........###...##..## ##.....
.........[....#...##....#.#......
..........................#......
.................)......#......#.
.......................##........
.......................###.......
##..##..........@5.###..#......P.
##..#..........5K5..# ......>..PP
#^.................## #.......P>.
##................### #........PP
#.......#..........###....##..P.
##...#.##...........##....###...
##..#.#..........#..#......#..#
#....>...........##..........##
#....##...........#............


You could see Pikel and 3 lemures.

Vanquished Creatures
  Eustachio (D:4)
  Edmund (D:4)
  A lemure (D:4)
  A phantom (D:4)
  Blork the orc (D:4)
  A scorpion (D:3)
  Natasha (twice) (D:4)
  Robin (D:2)
  5 adders
  3 worms
  An orc (D:3)
  4 bats
  7 endoplasms
  2 giant cockroaches
  12 goblins
  7 hobgoblins
  6 jackals (D:4)
  6 quokkas
  5 ball pythons
  2 frilled lizards
  7 kobolds
  3 rats
79 creatures vanquished.

Notes
Turn   | Place    | Note
-------+----------+-------------------------------------------
     0 | D:1      | BinkBink the Octopode Fighter began the quest for the Orb.
     0 | D:1      | Reached XP level 1. HP: 16/16 MP: 1/1
   139 | D:1      | Reached XP level 2. HP: 12/21 MP: 2/2
   757 | D:2      | Reached XP level 3. HP: 19/26 MP: 3/3
   794 | D:2      | Found a faded altar of an unknown god.
   969 | D:2      | Noticed Robin
  1022 | D:2      | Reached XP level 4. HP: 25/31 MP: 4/4
  1268 | D:2      | Killed Robin
  1851 | D:3      | Noticed a scorpion
  1957 | D:3      | Killed a scorpion
  1958 | D:3      | Reached XP level 5. HP: 21/36 MP: 5/5
  2442 | D:4      | Noticed a phantom
  2444 | D:4      | Noticed Natasha
  2454 | D:4      | Found a staircase to the Ecumenical Temple.
  2458 | D:4      | Killed a phantom
  2459 | D:4      | Reached XP level 6. HP: 33/43 MP: 6/6
  2518 | Temple   | Entered the Ecumenical Temple
  2542 | Temple   | Became a worshipper of Qazlal Stormbringer
  2586 | D:4      | Killed Natasha
  2687 | D:4      | Noticed Eustachio
  2718 | D:4      | Killed Eustachio
  2719 | D:4      | Reached skill level 5 in Dodging
  2719 | D:4      | Reached skill level 5 in Shields
  2830 | D:4      | Found an iron altar of Okawaru.
  2993 | D:4      | Noticed Pikel
  3120 | D:4      | Noticed Edmund
  3133 | D:4      | Killed Edmund
  3134 | D:4      | Reached XP level 7. HP: 35/48 MP: 7/7
  3165 | D:4      | Noticed Natasha
  3229 | D:4      | Killed Natasha
  3252 | D:4      | Noticed Blork the orc
  3265 | D:4      | Killed Blork the orc
  3280 | D:4      | Blown up by Pikel

Illustrated notes

Levels and vault maps discovered:
D:1:      minmay_arrival_three_doors, layout_basic, serial_park_tiny_2
D:2:      layout_rooms, shapermc_ecumenical_altar_mp_highgroup, uniq_robin
D:3:      layout_loops_ring, grunt_ministairs_5
D:4:      layout_cave_pools, okawaru_trees_2, minmay_temple_entry_overgrown,
          uniq_pikel, uniq_blork_the_orc, uniq_eustachio, uniq_natasha,
          uniq_edmund
Temple:   eino_wide_crystal_templ

Skill      XL: |  1  2  3  4  5  6 |
---------------+-------------------+-----
Shields        | 4 5 |  5.4
Dodging        | 4 5 |  5.4
Unarmed Combat | 3 |  3.6
Fighting       | 4 |  4.3

Action                     |  1- 3 |  4- 6 |  7- 9 || total
---------------------------+-------+-------+-------++-------
  Melee: Unarmed           |    71 |   131 |    21 ||   223
         Tentacles         |    12 |    40 |     8 ||    60
         Constrict         |    15 |    25 |     6 ||    46
         Punch             |     2 |     2 |     1 ||     5
    Use: Scroll            |     4 |     7 |       ||    11
   Stab: Sleeping          |     7 |     5 |     1 ||    13
 Armour: Skin              |    21 |    43 |     8 ||    72
  Dodge: Dodged            |    34 |    65 |    10 ||   109
  Block: Buckler           |    10 |    29 |     7 ||    46

Table legend: (Time is in decaauts)
 A = Elapsed time spent in this place.
 B = Non-inter-level travel time spent in this place.
 C = Inter-level travel time spent in this place.
 D = Time resting spent in this place.
 E = Time spent auto-exploring this place.
 F = Levels seen in this place.
 G = Mean time per level.
                   A        B        C        D        E       F      G
               +--------+--------+--------+--------+--------+-----+--------+
         Total |   3277 |   3083 |    194 |    163 |   2274 |   5 |  655.4 |
       Dungeon |   3228 |   3080 |    148 |    163 |   2274 |   4 |  807.0 |
        Temple |     48 |      2 |     46 |      0 |      0 |   1 |   48.0 |
               +--------+--------+--------+--------+--------+-----+--------+

Top non-repeatable levels by time:
     D:3: 1053 daAuts
     D:2: 777 daAuts
     D:4: 702 daAuts
     D:1: 695 daAuts
  Temple: 48 daAuts
